 Dungeon Crawl Stone Soup version 0.31.0-32-g396128a36d (webtiles) character file.

Game seed: 8565618214929151674

44 hawla the Firebug (level 3, -3/19 HPs)
             Began as a Deep Elf Fire Elementalist on Apr 15, 2024.
             Slain by Terence
             ... wielding a +0 flail
              (8 damage)
             ... on level 2 of the Dungeon.
             The game lasted 00:02:42 (1267 turns).

hawla the Firebug (Deep Elf Fire Elementalist)      Turns: 1267, Time: 00:02:43

Health: -3/19      AC:  2    Str:  5    XL:     3   Next: 41%
Magic:  9/9        EV: 12    Int: 21    God:
Gold:   17         SH:  0    Dex: 15    Spells: 5/8 levels left

rFire   . . .        (no weapon)
rCold   . . .        (no shield)
rNeg    . . .        a - +0 robe
rPois   .            (no helmet)
rElec   .            (no cloak)
rCorr   .            (no gloves)
SInv    .            (no boots)
Will    .....        (no amulet)
Stlth   ++           (no ring)
HPRegen 1.03/turn    (no ring)
MPRegen 0.11/turn

%: no passive effects
@: no status effects
A: mutation resistance 1, regeneration 1, inability to read after injury 1
a: no special abilities


You were on level 2 of the Dungeon.
You visited 1 branch of the dungeon, and saw 2 of its levels.

You collected 17 gold pieces.

Inventory:

Armour
 a - a +0 robe (worn)
Scrolls
 c - a scroll of blinking {unknown}


   Skills:
 - Level 2.4 Dodging
 - Level 2.4 Stealth
 - Level 3.0 Spellcasting
 - Level 1.1 Conjurations
 + Level 5.0 Fire Magic


You had 5 spell levels left.
You knew the following spells:

 Your Spells              Type           Power      Damage    Failure   Level
a - Foxfire               Conj/Fire      64%        2x1d7     3%          1
b - Scorch                Fire           48%        2d7       2%          2

Your spell library contained the following spells:

 Spells                   Type           Power      Damage    Failure   Level
 Inner Flame              Hex/Fire       13%        N/A       14%         3
 Volatile Blastmotes      Fire/Tloc      26%        2d12      14%         3
 Call Imp                 Summ           6%         N/A       21%         2
 Sublimation of Blood     Necr           3%         N/A       21%         2
 Flame Wave               Conj/Fire      16%        2d7       36%         4
 Summon Hydra             Summ           1%         N/A       100%        7


Dungeon Overview and Level Annotations

Branches:
Dungeon (2/15)

Altars:

Annotations:
D:2 Robin, Terence


Innate Abilities, Weirdness & Mutations

You are somewhat resistant to further mutation.
Your natural rate of healing is unusually fast.
You occasionally lose the ability to read scrolls when taking damage.


Message History

There is a stone staircase leading down here.
You climb downwards.
Level annotation: Robin
There is a stone staircase leading up here.
Casting: Scorch (safe; 2% risk of failure)
Confirm with . or Enter, or press ? or * to list all spells.
Flames lash Terence.
Terence is lightly wounded.
Terence's fire resistance burns away.
You hear a shout! x2
Terence closely misses you.
Casting: Scorch (safe; 2% risk of failure)
Confirm with . or Enter, or press ? or * to list all spells.
Flames lash Terence but do no damage.
A hobgoblin comes into view.
Terence closely misses you.
Casting: Scorch (safe; 2% risk of failure)
Confirm with . or Enter, or press ? or * to list all spells.
Flames lash the hobgoblin.
You kill the hobgoblin!
You hear an angry hiss.
Terence hits you with a +0 flail!
A hobgoblin comes into view.
Your Fire Magic skill increases to level 5!
Casting: Scorch (safe; 2% risk of failure)
Confirm with . or Enter, or press ? or * to list all spells.
Flames lash Terence but do no damage.
Terence misses you.
Unknown command.
Casting: Scorch (safe; 2% risk of failure)
Confirm with . or Enter, or press ? or * to list all spells.
You don't have enough magic to cast this spell.
It was a potion of mutation.
You feel extremely strange.
You occasionally lose the ability to read scrolls when taking damage.
You begin to heal more quickly.
You feel genetically stable.
Terence is no longer more vulnerable to fire.
Terence hits you with a +0 flail!
* * * LOW HITPOINT WARNING * * *
Magic courses through your body. Terence hits you with a +0 flail!
You die...
Terence says, "Rest in peace."

#####
#... ..
....##.
#....#.
#......
#
.....#†
....#
#..#
#@# #@#
#g# #.#
... ...
...
##.##


You could see Terence and a hobgoblin.

Vanquished Creatures
  A dart slug (D:1)
  A bat (D:1)
  3 endoplasms (D:1)
  3 giant cockroaches (D:1)
  8 goblins (D:1)
  6 hobgoblins
  4 kobolds (D:1)
  5 ball pythons (D:1)
  5 rats (D:1)
36 creatures vanquished.

Vanquished Creatures (others)
  71 foxfires (D:1)
71 creatures vanquished.

Grand Total: 107 creatures vanquished

Notes
Turn   | Place    | Note
-------+----------+-------------------------------------------
     0 | D:1      | hawla the Deep Elf Fire Elementalist began the quest for
                  | the Orb.
     0 | D:1      | Reached XP level 1. HP: 10/10 MP: 6/6
   240 | D:1      | Reached XP level 2. HP: 15/15 MP: 6/8
   308 | D:1      | Reached skill level 4 in Fire Magic
   695 | D:1      | Reached XP level 3. HP: 16/19 MP: 4/9
   769 | D:1      | Learned a level 2 spell: Scorch
  1166 | D:2      | Noticed Robin
  1261 | D:2      | Noticed Terence
  1265 | D:2      | Reached skill level 5 in Fire Magic
  1266 | D:2      | Gained mutation: You occasionally lose the ability to read
                  | scrolls when taking damage. [potion of mutation]
  1266 | D:2      | Gained mutation: Your natural rate of healing is unusually
                  | fast. [potion of mutation]
  1266 | D:2      | Gained mutation: You are somewhat resistant to further
                  | mutation. [potion of mutation]
  1267 | D:2      | Slain by Terence

Illustrated notes

Levels and vault maps discovered:
D:1:      dpeg_arrival_rooms_b, layout_loops_ring
D:2:      layout_loops_ring, ebering_ecumenical_altar_box,
          chequers_serial_rivers_micro_a, uniq_robin, uniq_terence

Skill      XL: |  1  2  3 |
---------------+----------+-----
Fire Magic     | 4 5 |  5.0
Dodging        | |  2.4
Stealth        | |  2.4
Spellcasting   | |  3.0
Conjurations   | |  1.1

Action                     || total
---------------------------++-------
  Melee: Unarmed           ||     6
   Cast: Foxfire           ||    42
         Scorch            ||    12
    Use: Potion            ||     2
 Armour: Robe              ||    16
  Dodge: Dodged            ||    13
